 Dungeon Crawl Stone Soup version 0.26-a0-1040-gbe3abf3417 (webtiles) character file.

Game seed: 5402058047868806053

23375 Dracia the Spear-Bearer (level 13, -4/86 HPs)
             Began as a Merfolk Ice Elementalist on Dec 11, 2020.
             Was the Champion of Okawaru.
             Slain by a six-headed hydra (9 damage)
             ... on level 5 of the Lair of Beasts.
             The game lasted 00:39:53 (19230 turns).

Dracia the Spear-Bearer (Merfolk Ice Elementalist) Turns: 19230, Time: 00:39:54

Health: -4/86      AC: 21    Str: 12    XL:     13   Next: 6%
Magic:  30/36      EV: 17    Int: 15    God:    Okawaru [******]
Gold:   755        SH:  9    Dex: 17    Spells: 14/33 levels left

rFire    . . .     SeeInvis .   h - +1 trident
rCold    . . .     Faith    .   (no shield)
rNeg     . . .     Spirit   .   w - +0 steam dragon scales
rPois    .         Reflect  +   s - +2 hat {Will+}
rElec    .         Harm     .   r - +1 cloak
rCorr    .         Rampage  .   v - +0 pair of gloves (curse)
Will     +....                  k - +0 pair of boots
Stlth    ++........             L - amulet of reflection
HPRegen  0.24/turn              E - +4 ring of evasion
MPRegen  0.25/turn              W - ring of magical power

@: icy armour, frozen ramparts
A: change form in water, swift swim, stealthy swim, icy blue scales 1, large
bone plates 1, agile 1, robust 1
a: Heroism, Finesse, Renounce Religion


You were on level 5 of the Lair of Beasts.
You worshipped Okawaru.
Okawaru was exalted by your worship.
You visited 3 branches of the dungeon, and saw 16 of its levels.
You also visited: Ossuary.

You collected 755 gold pieces.


Innate Abilities, Weirdness & Mutations

You revert to your normal form in water.
You are very nimble and swift while swimming.
You are very stealthy in the water. (Stealth+)
You are partially covered in icy blue scales. (AC +2)
You are partially covered in large bone plates. (SH +4)
You are agile. (Dex +2)
You are robust. (+10% HP)


   Skills:
 - Level 14.2 Polearms
 - Level 2.6 Dodging
 - Level 2.1 Stealth
 + Level 10.6 Spellcasting
 + Level 6.4 Summonings
 - Level 13.2 Ice Magic
 + Level 7.7 Invocations


You had 14 spell levels left.
You knew the following spells:

 Your Spells              Type           Power        Failure   Level
b - Summon Ice Beast      Ice/Summ       #####...     1%          4
l - Summon Lightning Spi  Summ/Air       ###.....     24%         4
o - Ozocubu's Armour      Ice            #####...     1%          3
r - Frozen Ramparts       Ice            #####.       1%          3
z - Freeze                Ice            ####         1%          1
X - Hailstorm             Conj/Ice       ####....     6%          4

Your spell library contained the following spells:

 Spells                   Type           Power        Failure   Level
 Summon Small Mammal      Summ           ####         1%          1
 Call Imp                 Summ           ####....     1%          2
 Call Canine Familiar     Summ           ####....     1%          3
 Summon Guardian Golem    Hex/Summ       ###.....     8%          3

Inventory:

Hand Weapons
 h - a +1 trident (weapon)
 j - a +0 spear of freezing
 y - the +8 battleaxe "Amumn" {venom, +Rage Int+2 Stlth+}
   (You found it on level 7 of the Dungeon)

   It poisons the flesh of those it strikes.
   It affects your intelligence (+2).
   It lets you go berserk.
   It makes you more stealthy.
 A - a +3 vampiric glaive
Missiles
 e - 12 curare-tipped darts {=f=f}
Armour
 a - a +0 robe
 b - a +0 leather armour
 g - a +0 pair of gloves
 k - a +0 pair of boots (worn)
 n - a scarf of harm
 o - the +1 robe "Voimup" {rN+}
   (You found it on level 1 of the Lair of Beasts)

   It protects you from negative energy.
 r - a +1 cloak (worn)
 s - a +2 hat of willpower (worn)
 v - a cursed +0 pair of gloves (worn)
 w - +0 steam dragon scales (worn)
Magical Staves
 I - a cursed staff of conjuration {!a!a, unknown}
Jewellery
 D - a +6 ring of dexterity
 E - a +4 ring of evasion (left hand)
 L - an amulet of reflection (around neck)
 W - a ring of magical power (right hand)
Wands
 m - a wand of acid (11)
 t - a wand of random effects (31)
 u - a wand of disintegration (24)
 x - a wand of flame (29)
 z - a wand of iceblast (26)
Scrolls
 f - 5 scrolls of identify {@r1@r1}
 i - 6 scrolls of remove curse {@r2@r2}
 p - 2 scrolls of fear
 q - 8 scrolls of teleportation {@r4@r4}
 B - 3 scrolls of fog
 C - 4 scrolls of immolation
 F - 4 scrolls of magic mapping
 K - a scroll of summoning
Potions
 c - 2 potions of attraction
 d - a potion of ambrosia
 l - 11 potions of curing {@q1@q1}
 G - 2 potions of flight
 H - a potion of brilliance
 J - 3 potions of berserk rage {!q!q}

Dungeon Overview and Level Annotations

Branches:
Dungeon (10/15)            Temple (1/1) D:4            Lair (5/6) D:9
 Shoals (0/4) Lair:4      Ossuary (visited)
  Snake: Lair:2-4    Spider: Lair:2-4     Slime: Lair:5-6       Orc: D:9-12

Altars:
Ashenzari
Cheibriados
Dithmenos
Elyvilon
Fedhas
Gozag
Hepliaklqana
Kikubaaqudgha
Nemelex Xobeh
Okawaru
Qazlal
Ru
Sif Muna
Trog
Xom
Yredelemnul
Zin
The Shining One

Shops:
D:8 (

Annotations:
D:4 4 runed translucent doors, Crazy Yiuf; ploum's ghost, weakling GnDe
D:8 3 runed translucent doors, ma3's ghost, novice GrFi
Lair:2 Erica
Lair:3 2 transporters, MoonlitKnight's ghost, journeyman MfGl

.P#.....##
.........#
.#.P.....#####
.###...^#.#..#####
.................##
.......##....###..#
...#...########...#
.P....##*,,,,,##.##
.###.##,,,,,,,,#@.#
..#.$#,,,.$....D..#
.###.#,,,#####....#
..*P.#,,**≈≈≈###..#
.##*,*,,,≈≈≈≈**####
.#*,,*,,,,,,,∩*
,***,**,,≈≈≈≈**
,**,,,****≈≈≈*
****,,,,******


You could see a six-headed hydra (slow).


Message History

The wall freezes the six-headed hydra!
The six-headed hydra seems to slow down.
The six-headed hydra bites you but does no damage.
You block the six-headed hydra's attack.
The six-headed hydra barely misses you. The six-headed hydra misses you.
The six-headed hydra closely misses you.
The six-headed hydra completely misses you.
You feel better.
The wall freezes the six-headed hydra!
The six-headed hydra seems to slow down.
The six-headed hydra bites you.
* * * LOW HITPOINT WARNING * * *
The six-headed hydra bites you but does no damage.
The six-headed hydra bites you.
* * * LOW HITPOINT WARNING * * *
The six-headed hydra bites you but does no damage.
You block the six-headed hydra's attack. x2
Casting: Frozen Ramparts (safe; 1% risk of failure)
Confirm with . or Enter, or press ? or * to list all spells.
Aiming: Freeze (safe; 1% risk of failure)
Press: ? - help, Shift-Dir - straight line, f - six-headed hydra
Aim: a six-headed hydra (moderately wounded, slow)
You freeze the six-headed hydra!
The six-headed hydra is moderately wounded.
You hear the slow rumble of an avalanche of rocks.
The wall freezes the six-headed hydra!
You block the six-headed hydra's attack.
The six-headed hydra bites you!
* * * LOW HITPOINT WARNING * * *
The six-headed hydra bites you!
You die...

Skill      XL: |  1  2  3  4  5  6  7  8  9 10 11 12 |
---------------+-------------------------------------+-----
Ice Magic      | 5 6 7 8 10 11 12 13 | 13.2
Polearms       | 3 5 7 9 11 13 14 | 14.2
Spellcasting   | 3 5 7 9 10 | 10.6
Invocations    | 4 7 |  7.7
Summonings     | 2 6 |  6.4
Dodging        | |  2.6
Stealth        | |  2.1

Action                   |  1- 3 |  4- 6 |  7- 9 | 10-12 | 13-15 || total
-------------------------+-------+-------+-------+-------+-------++-------
Melee: Unarmed           |     4 |       |       |       |       ||     4
       Short sword       |    20 |     5 |       |       |       ||    25
       Quarterstaff      |       |    36 |       |       |       ||    36
       Spear             |       |     9 |       |       |       ||     9
       Halberd           |       |    58 |   190 |       |       ||   248
       Trident           |       |    21 |   123 |   565 |     8 ||   717
 Cast: Freeze            |    43 |    43 |    35 |    53 |     1 ||   175
       Frozen Ramparts   |       |     4 |     7 |    40 |     1 ||    52
       Ozocubu's Armour  |       |     2 |     4 |    15 |     1 ||    22
       Summon Ice Beast  |       |       |       |     9 |       ||     9
       Hailstorm         |       |       |       |     4 |       ||     4
  Use: Potion            |       |     7 |     6 |     7 |     2 ||    22
       Scroll            |       |     8 |     9 |    11 |       ||    28
 Stab: Sleeping          |     3 |     2 |     7 |     2 |       ||    14
       Distracted        |       |       |       |     1 |       ||     1
Armor: Robe              |    10 |    24 |       |     1 |       ||    35
       Leather armour    |       |    31 |    74 |    40 |       ||   145
       Skin              |       |       |       |    56 |       ||    56
       Steam dragon scal |       |       |       |    49 |     7 ||    56
Dodge: Dodged            |    31 |   173 |   240 |   369 |     7 ||   820
Block: Other             |       |       |       |    28 |    13 ||    41

Levels and vault maps discovered:
D:1:      minmay_arrival_up_and_down, layout_basic
D:2:      layout_loops_ring, nicolae_dithmenos_through_a_glass_darkly
D:3:      layout_rooms, lemuel_round_altar
D:4:      layout_rooms, temple_statues, gammafunk_ghost_icy,
          uniq_crazy_yiuf_cottage
D:5:      layout_basic
D:6:      layout_basic, kennysheep_vampire_church
D:7:      layout_loops_ring, nicolae_ossuary_entry_monument,
          serial_park_tiny_pond
D:8:      layout_layer_cave, gammafunk_ghost_necromancy, serial_shops,
          nicolae_shop_waterfront, uniq_pikel
D:9:      layout_loops_cross, grunt_temple_overflow_order_and_chaos_1,
          lemuel_doored_altar, dpeg_oklobed_lair, minmay_misc_feat_enclosed
D:10:     layout_roguey
Temple:   kb_temple_of_zot
Lair:1:   layout_cave_pods, st_stairs_3, uniq_gastronok
Lair:2:   layout_concentric_octagons, guppyfry_snake_entry_garden,
          roderic_batcave, grunt_megastairs_1, uniq_erica, uniq_maggie
Lair:3:   layout_small_grid, gammafunk_ghost_wrathful_warriors
Lair:4:   layout_regular_city, minmay_shoals_entry_beasts
Lair:5:   layout_concentric_octagons, lightli_volcano_entry_magma_tube,
          beast_lair_carwin_10

Notes
Turn   | Place    | Note
-------+----------+-------------------------------------------
     0 | D:1      | Dracia the Merfolk Ice Elementalist began the quest for the
                  | Orb.
     0 | D:1      | Reached XP level 1. HP: 13/13 MP: 3/3
    95 | D:1      | Reached XP level 2. HP: 17/19 MP: 0/5
   173 | D:1      | Reached skill level 5 in Ice Magic
  1070 | D:1      | Reached XP level 3. HP: 24/24 MP: 4/6
  1832 | D:2      | Reached skill level 6 in Ice Magic
  1832 | D:2      | Reached XP level 4. HP: 30/30 MP: 4/7
  2194 | D:2      | Found a shadowy altar of Dithmenos.
  2596 | D:3      | Learned a level 3 spell: Frozen Ramparts
  2600 | D:3      | Learned a level 3 spell: Ozocubu's Armour
  3015 | D:3      | Reached XP level 5. HP: 29/35 MP: 8/8
  3198 | D:3      | Found a glowing golden altar of the Shining One.
  3358 | D:4      | Reached skill level 1 in Polearms
  3363 | D:4      | Reached skill level 7 in Ice Magic
  3364 | D:4      | Reached skill level 2 in Polearms
  3514 | D:4      | Noticed ploum's ghost (weakling GnDe)
  3529 | D:4      | Reached skill level 3 in Polearms
  3529 | D:4      | Reached XP level 6. HP: 38/41 MP: 9/9
  3561 | D:4      | Found a staircase to the Ecumenical Temple.
  3579 | Temple   | Entered the Ecumenical Temple
  3628 | Temple   | Became a worshipper of Warmaster Okawaru
  3761 | D:4      | Reached skill level 4 in Polearms
  4023 | D:4      | Found a runed translucent gate.
  4024 | D:4      | Found a runed translucent gate.
  4025 | D:4      | Found a runed translucent gate.
  4225 | D:4      | Found a runed translucent door.
  4226 | D:4      | Noticed Crazy Yiuf
  4357 | D:5      | Entered Level 5 of the Dungeon
  4683 | D:5      | Reached skill level 5 in Polearms
  4683 | D:5      | Reached XP level 7. HP: 10/46 MP: 10/10
  4986 | D:5      | Reached * piety under Okawaru
  4987 | D:5      | Reached skill level 8 in Ice Magic
  5702 | D:5      | Reached skill level 6 in Polearms
  6365 | D:6      | Found an ancient bone altar of Kikubaaqudgha.
  6377 | D:6      | Reached skill level 7 in Polearms
  6383 | D:6      | Reached XP level 8. HP: 49/52 MP: 11/11
  6453 | D:6      | Reached skill level 9 in Ice Magic
  6629 | D:6      | Reached skill level 8 in Polearms
  6855 | D:6      | Reached ** piety under Okawaru
  7423 | D:6      | Reached skill level 3 in Spellcasting
  7669 | D:6      | Reached skill level 9 in Polearms
  8015 | D:7      | Reached skill level 10 in Ice Magic
  8015 | D:7      | Reached XP level 9. HP: 51/57 MP: 14/14
  8191 | D:7      | Reached skill level 4 in Spellcasting
  8239 | D:7      | Got a steaming battleaxe
  8356 | D:7      | Found a sand-covered staircase.
  8364 | Ossuary  | Entered an ossuary
  8381 | Ossuary  | Identified the +8 battleaxe "Amumn" {venom, +Rage Int+2
                  | Stlth+} (You found it on level 7 of the Dungeon)
  8534 | Ossuary  | Reached skill level 10 in Polearms
  8648 | Ossuary  | Gained mutation: You are weak. (Str -2) [potion of
                  | mutation]
  8648 | Ossuary  | Gained mutation: You tend to lose your temper in combat.
                  | [potion of mutation]
  8648 | Ossuary  | Lost mutation: You tend to lose your temper in combat.
                  | [potion of mutation]
  8648 | Ossuary  | Lost mutation: You are weak. (Str -2) [potion of mutation]
  8902 | D:7      | Reached *** piety under Okawaru
  9270 | D:8      | Found Piovudet's Weapon Boutique.
  9382 | D:8      | Noticed Pikel
  9397 | D:8      | Killed Pikel
  9398 | D:8      | Reached skill level 11 in Polearms
  9398 | D:8      | Reached skill level 5 in Spellcasting
  9464 | D:8      | Reached **** piety under Okawaru
  9465 | D:8      | Reached skill level 11 in Ice Magic
  9465 | D:8      | Reached XP level 10. HP: 43/63 MP: 18/18
  9583 | D:8      | You fall into a shaft and drop 2 floors!
  9583 | D:10     | Entered Level 10 of the Dungeon
 10201 | D:9      | Reached skill level 6 in Spellcasting
 10232 | D:9      | Noticed a two-headed ogre
 10258 | D:9      | Killed a two-headed ogre
 10259 | D:9      | Reached skill level 12 in Polearms
 10327 | D:9      | Found a staircase to the Lair.
 10337 | D:9      | Found a shimmering altar of Xom.
 10615 | D:9      | Noticed an angel
 10617 | D:9      | Found a glowing silver altar of Zin.
 10812 | D:9      | Found a sparkling altar of Nemelex Xobeh.
 10891 | D:8      | Reached ***** piety under Okawaru
 11567 | D:8      | Found a runed translucent gate.
 11567 | D:8      | Found a runed translucent gate.
 11568 | D:8      | Found a runed translucent gate.
 11570 | D:8      | Noticed ma3's ghost (novice GrFi)
 11998 | D:10     | Reached skill level 7 in Spellcasting
 12001 | D:10     | Reached skill level 12 in Ice Magic
 12255 | D:10     | Noticed a gargoyle
 12269 | D:10     | Killed a gargoyle
 12270 | D:10     | Reached skill level 13 in Polearms
 12638 | D:10     | Reached XP level 11. HP: 63/68 MP: 22/22
 12851 | D:10     | Learned a level 4 spell: Hailstorm
 12861 | D:10     | Learned a level 4 spell: Summon Ice Beast
 12950 | D:10     | Noticed a two-headed ogre
 12973 | D:10     | Killed a two-headed ogre
 13509 | Lair:1   | Entered Level 1 of the Lair of Beasts
 13882 | Lair:1   | Received a gift from Okawaru
 13883 | Lair:1   | Reached skill level 8 in Spellcasting
 14323 | Lair:1   | Got a heavy robe
 14532 | Lair:1   | Identified the +1 robe "Voimup" {rN+} (You found it on
                  | level 1 of the Lair of Beasts)
 14659 | Lair:1   | Noticed Gastronok
 14675 | Lair:1   | HP: 5/68 [Gastronok/the air (24)]
 14678 | Lair:1   | Killed Gastronok
 14679 | Lair:1   | Reached skill level 14 in Polearms
 14997 | Lair:1   | Reached skill level 13 in Ice Magic
 15264 | Lair:1   | Reached skill level 1 in Invocations
 15698 | Lair:2   | Reached skill level 2 in Invocations
 15756 | Lair:2   | Noticed Maggie
 15779 | Lair:2   | Killed Maggie
 16067 | Lair:2   | Noticed Erica
 16588 | Lair:3   | Found a transporter.
 16599 | Lair:3   | Reached skill level 3 in Invocations
 16873 | Lair:3   | Found a transporter.
 16874 | Lair:3   | Identified the +7 broad axe "Soisosm" {vorpal, rF++ Str+3}
 16874 | Lair:3   | Noticed a spriggan berserker
 16882 | Lair:3   | Noticed a moth of wrath
 16883 | Lair:3   | Found a bloodstained altar of Trog.
 16916 | Lair:3   | Reached skill level 9 in Spellcasting
 16916 | Lair:3   | Reached skill level 1 in Summonings
 16919 | Lair:3   | Reached skill level 2 in Summonings
 16919 | Lair:3   | Reached skill level 4 in Invocations
 16919 | Lair:3   | Reached XP level 12. HP: 51/74 MP: 10/25
 17113 | Lair:3   | Identified the cursed +2 trident "Cutiophon" {antimagic,
                  | +Rage Str+4 Stlth-}
 17114 | Lair:3   | Noticed MoonlitKnight's ghost (journeyman MfGl)
 17116 | Lair:3   | Identified the +5 spear of Puokhlo {flame, rC+ Str+2}
 17351 | Lair:4   | Noticed a four-headed hydra
 17367 | Lair:4   | Killed a four-headed hydra
 17368 | Lair:4   | Reached skill level 3 in Summonings
 17559 | Lair:4   | Reached skill level 5 in Invocations
 17618 | Lair:4   | Noticed an eight-headed hydra
 17636 | Lair:4   | Reached ****** piety under Okawaru
 17637 | Lair:4   | Reached skill level 4 in Summonings
 17637 | Lair:4   | Received a gift from Okawaru
 17642 | Lair:4   | Killed an eight-headed hydra
 17911 | Lair:4   | Gained mutation: You are partially covered in icy blue
                  | scales. (AC +2) [potion of mutation]
 17911 | Lair:4   | Gained mutation: You are agile. (Dex +2) [potion of
                  | mutation]
 17911 | Lair:4   | Gained mutation: You are robust. (+10% HP) [potion of
                  | mutation]
 17911 | Lair:4   | Gained mutation: You are partially covered in large bone
                  | plates. (SH +4) [potion of mutation]
 17997 | Lair:4   | Reached skill level 6 in Invocations
 18104 | Lair:4   | Found a staircase to the Shoals.
 18145 | Lair:4   | Reached skill level 10 in Spellcasting
 18208 | Lair:4   | Reached skill level 5 in Summonings
 18536 | Lair:4   | Learned a level 4 spell: Summon Lightning Spire
 18859 | Lair:4   | Noticed a four-headed hydra
 18874 | Lair:4   | Killed a four-headed hydra
 18875 | Lair:4   | Reached skill level 7 in Invocations
 18951 | Lair:4   | Received a gift from Okawaru
 19130 | Lair:5   | Reached skill level 6 in Summonings
 19195 | Lair:5   | Reached XP level 13. HP: 57/86 MP: 27/27
 19230 | Lair:5   | HP: 5/86 [six-headed hydra (8)]
 19230 | Lair:5   | Slain by a six-headed hydra

Vanquished Creatures
  3 hydras (Lair:4)
  2 two-headed ogres
  Pikel (D:8)
  A manticore (Lair:4)
  9 elephants
  A gargoyle (D:10)
  2 black mambas (Lair:4)
  Maggie (Lair:2)
  6 cane toads
  2 rime drakes
  3 komodo dragons
  2 polar bears
  A wind drake (Lair:4)
  A troll (D:10)
  7 blink frogs (Lair:4)
  12 yaks
  2 wyverns
  2 water moccasins (Lair:4)
  4 ice beasts
  2 orc warriors
  3 sky beasts
  2 black bears (D:9)
  A necrophage (D:9)
  3 ogres
  An eye of draining (D:10)
  3 phantoms (D:7)
  A centaur (D:10)
  A lemure (D:8)
  A big kobold (D:9)
  8 bullfrogs
  A gnoll sergeant (D:6)
  4 scorpions
  8 killer bees
  3 vampire bats (D:6)
  8 wights (D:8)
  4 howler monkeys
  2 bullfrog zombies
  A human zombie (Ossuary)
  2 quasits
  4 centaur skeletons
  A hound (D:10)
  A jelly (D:5)
  5 orc priests
  An orc wizard (D:4)
  2 bullfrog skeletons (D:10)
  An iguana (D:7)
  A gnoll shaman (D:4)
  10 worker ants
  A big kobold zombie (Ossuary)
  4 mummies (Ossuary)
  3 worker ant zombies
  12 gnolls
  10 adders
  2 white imps
  An ufetubus (D:7)
  4 oozes
  An adder skeleton (D:5)
  A worm (D:2)
  4 dart slugs
  5 leopard geckos
  21 orcs
  3 bat skeletons (D:6)
  2 bat zombies (D:6)
  4 giant cockroaches
  2 gnoll zombies (Ossuary)
  11 goblins
  8 hobgoblins
  3 jackals (D:6)
  8 quokkas
  11 bats
  2 frilled lizards
  2 goblin zombies (Ossuary)
  12 kobolds
  A kobold zombie (Ossuary)
  A leopard gecko skeleton (D:8)
  An orc zombie (Ossuary)
  A quokka skeleton (D:6)
  4 rats
292 creatures vanquished.

Vanquished Creatures (collateral kills)
  Gastronok (Lair:1)
  4 elephants
  A blink frog (Lair:4)
  A bullfrog (Lair:1)
7 creatures vanquished.

Vanquished Creatures (others)
  9 fungi
  18 plants
27 creatures vanquished.

Grand Total: 326 creatures vanquished

Table legend: (Time is in decaauts)
 A = Elapsed time spent in this place.
 B = Non-inter-level travel time spent in this place.
 C = Inter-level travel time spent in this place.
 D = Time resting spent in this place.
 E = Time spent auto-exploring this place.
 F = Levels seen in this place.
 G = Mean time per level.
                   A        B        C        D        E       F      G
               +--------+--------+--------+--------+--------+-----+--------+
         Total |  19068 |  18186 |    882 |   5475 |   9962 |  17 | 1121.6 |
       Dungeon |  12942 |  12181 |    761 |   2894 |   7331 |  10 | 1294.2 |
        Temple |     78 |     51 |     27 |      0 |     43 |   1 |   78.0 |
          Lair |   5632 |   5538 |     94 |   2468 |   2406 |   5 | 1126.4 |
       Ossuary |    414 |    414 |      0 |    113 |    182 |   1 |  414.0 |
               +--------+--------+--------+--------+--------+-----+--------+

Top non-repeatable levels by time:
  Lair:1: 2104 daAuts
     D:5: 1968 daAuts
  Lair:4: 1743 daAuts
     D:6: 1726 daAuts
     D:8: 1353 daAuts
     D:1: 1300 daAuts
     D:9: 1285 daAuts
    D:10: 1263 daAuts
  Lair:3: 1248 daAuts
     D:2: 1127 daAuts
     D:3: 1036 daAuts
     D:4: 948 daAuts
     D:7: 932 daAuts
  Lair:2: 434 daAuts
 Ossuary: 414 daAuts

Table legend:
 A = Non-vault XP
 B = Vault XP
 C = Vault XP percentage of total XP
 D = Non-vault monster count
 E = Vault monster count
 F = Vault count percentage of total count
                 A         B        C        D         E       F
            +---------+---------+-------+---------+---------+-------
      Total |   29198 |    4196 |  12.6 |     272 |      26 |   8.7
            +---------+---------+-------+---------+---------+-------
        D:1 |      37 |       0 |   0.0 |      19 |       0 |   0.0
        D:2 |      66 |       0 |   0.0 |      18 |       0 |   0.0
        D:3 |      65 |       0 |   0.0 |      23 |       0 |   0.0
        D:4 |     304 |       0 |   0.0 |      17 |       0 |   0.0
        D:5 |     540 |       0 |   0.0 |      14 |       0 |   0.0
        D:6 |     973 |     179 |  15.5 |      29 |       8 |  21.6
        D:7 |    1235 |       0 |   0.0 |      27 |       0 |   0.0
        D:8 |    1399 |     593 |  29.8 |      27 |       1 |   3.6
        D:9 |    2053 |       0 |   0.0 |      21 |       0 |   0.0
       D:10 |    2910 |       0 |   0.0 |      19 |       0 |   0.0
     Lair:1 |    3463 |    1800 |  34.2 |      13 |       1 |   7.1
     Lair:2 |     723 |     675 |  48.3 |       3 |       2 |  40.0
     Lair:3 |    2198 |       0 |   0.0 |       5 |       0 |   0.0
     Lair:4 |   10453 |     800 |   7.1 |      29 |       2 |   6.5
     Lair:5 |    2779 |       0 |   0.0 |       8 |       0 |   0.0
    Ossuary |       0 |     149 | 100.0 |       0 |      12 | 100.0
            +---------+---------+-------+---------+---------+-------
